 Dungeon Crawl Stone Soup version 0.30-a0-341-g682706514a (webtiles) character file.

Game seed: 6064300792887835188

826 Shayle the Cudgeller (level 7, 0/57 (66) HPs)
             Began as a Naga Reaver on Nov 2, 2022.
             Killed from afar by Dowan (5 damage)
             ... with a shard of ice
             ... on level 4 of the Dungeon.
             The game lasted 00:10:44 (3258 turns).

Shayle the Cudgeller (Naga Reaver)                  Turns: 3258, Time: 00:10:45

HP:   0/57 (66)     AC:  5    Str: 14    XL:     7   Next: 96%
MP:   9/10          EV:  9    Int: 20    God:
Gold: 103           SH:  3    Dex: 10    Spells: 6/10 levels left

rFire   . . .      SeeInvis +    p - +4 dagger "Morg" {pain, Will+ Int+5}
rCold   + . .      Faith    .    d - +0 buckler
rNeg    . . .      Spirit   .    j - +2 robe {Will+}
rPois   +          Reflect  .    (no helmet)
rElec   .          Harm     .    (no cloak)
rCorr   .          Rampage  .    (no gloves)
Will    ++...                    (no barding)
Stlth   +.........               (no amulet)
HPRegen 0.29/turn                k - ring of protection from cold
MPRegen 0.12/turn                (no ring)

@: heavily drained, very slow
A: AC +2, large, see invisible, deformed body, poison resistance, slowness 2,
spit poison 1, naga tail 1
a: Spit Poison


You were on level 4 of the Dungeon.
You visited 1 branch of the dungeon, and saw 4 of its levels.

You collected 103 gold pieces.

Inventory:

Hand Weapons
 a - a +0 mace
 m - a +1 flail of protection
 p - the +4 dagger "Morg" (weapon) {pain, Will+ Int+5}
   (You found it on level 2 of the Dungeon)

   In the hands of one skilled in necromantic magic, it inflicts extra damage on
   living creatures.
   Int:       It affects your intelligence (+5).
   Will:      It increases your willpower.
 t - a +1 dire flail of protection
Armour
 b - a +0 leather armour
 d - a +0 buckler (worn)
 j - a +2 robe of willpower (worn)
Magical Staves
 q - a staff of conjuration
Jewellery
 k - a ring of protection from cold (left hand)
Scrolls
 f - a scroll of enchant weapon {unknown}
 g - a scroll of noise {unknown}
 h - a scroll of vulnerability {unknown}
 i - a scroll of immolation {unknown}
 l - a scroll of poison {unknown}
 n - a scroll of blinking {unknown}
 o - a scroll of teleportation {unknown}
 r - 2 scrolls of fog
Potions
 c - 2 potions of attraction


   Skills:
 + Level 4.9 Fighting
 + Level 5.4 Maces & Flails
 + Level 3.6 Armour
 - Level 1.5 Dodging
 - Level 2.0 Spellcasting
 - Level 3.0 Conjurations
 + Level 3.0 Necromancy


You had 6 spell levels left.
You knew the following spells:

 Your Spells              Type           Power      Damage    Failure   Level
a - Kiss of Death         Conj/Necr      56%        2d9       6%          1
b - Hailstorm             Conj/Ice       8%         3d4       32%         3

Your spell library contained the following spells:

 Spells                   Type           Power      Damage    Failure   Level
 Momentum Strike          Conj/Tloc      16%        3d8       16%         2
 Tukima's Dance           Hex            2%         N/A       52%         3
 Passage of Golubria      Tloc           2%         N/A       89%         4
 Yara's Violent Unravell  Hex/Tmut       1%         3d3       99%         5


Dungeon Overview and Level Annotations

Branches:
Dungeon (4/15)
 Temple: D:4-7

Altars:
Sif Muna

Annotations:
D:4 Dowan


Innate Abilities, Weirdness & Mutations

Your serpentine skin is tough. (AC +2)
You have supernaturally acute eyesight. (SInv)
Armour fits poorly on your strangely shaped body.
Your system is resistant to poisons. (rPois)
You cover ground very slowly.
You can spit poison.
You have a snake-like lower body.


Message History

You feel less confused. Dowan misses you. Dowan hits you with a +0 dagger.
You hit Dowan.
Dowan is lightly wounded.
Dowan barely misses you.
Aiming: Spit Poison (1% risk of failure)
Press: ? - help, Shift-Dir - straight line, f/p - Dowan
Aim: Dowan, wielding a +0 dagger, wearing a +0 robe and carrying a wand of flame (11) (lightly wounded, fast, 45% to hit)
The splash of poison hits Dowan!
Dowan is heavily wounded.
Dowan hits you with a +0 dagger.
* * * LOW HITPOINT WARNING * * *
Dowan zaps a wand.
The puff of flame misses you.
Casting: Kiss of Death (safe; 6% risk of failure)
Confirm with . or Enter, or press ? or * to list all spells.
Aiming: Kiss of Death (safe; 6% risk of failure)
Press: ? - help, Shift-Dir - straight line, f/p - Dowan
Aim: Dowan, wielding a +0 dagger, wearing a +0 robe and carrying a wand of flame (10) (heavily wounded, fast, 100% to hit)
The negative energy hits Dowan!
Dowan is drained!
Dowan is almost dead.
You feel drained.
Dowan gestures wildly while chanting.
Dowan blinks!
Unknown command.
You aren't carrying any items that you can evoke.
Unknown command.
Okay, then.
As you read the scroll of fog, it crumbles to dust.
The scroll dissolves into smoke.
You have got your breath back.
Dowan zaps a wand.
The puff of flame misses you. Dowan hits you with a +0 dagger.
* * * LOW HITPOINT WARNING * * *
Dowan zaps a wand.
The puff of flame hits you!
* * * LOW HITPOINT WARNING * * *
You closely miss Dowan.
Dowan is almost dead.
Dowan gestures at you while chanting. The shard of ice hits you.
You partially resist.
You die...

#######
#######......#
##§§§§)#......#
#.§e§§§§.>....#.....
#.§§@§§##.....##.....
##§§§§§#########.....
#.#######.....#......
#.............#......
#.........†...##....#
#......###'#####....#
#########.....##.....
#.............
#......##...##


You could see Dowan (fast, very drained).

Vanquished Creatures
  Grinder (D:3)
  Sigmund (D:2)
  Edmund (D:4)
  Duvessa (D:4)
  A centaur (D:3)
  A phantom (D:4)
  5 adders
  2 worms
  2 dart slugs
  2 orcs (D:3)
  7 ball pythons
  An endoplasm (D:3)
  A giant cockroach (D:1)
  3 goblins
  10 hobgoblins
  6 kobolds
  3 quokkas (D:1)
  8 bats
  2 frilled lizards
  6 rats
64 creatures vanquished.

Vanquished Creatures (others)
  14 fungi
  3 plants (D:1)
17 creatures vanquished.

Grand Total: 81 creatures vanquished

Notes
Turn   | Place    | Note
-------+----------+-------------------------------------------
     0 | D:1      | Shayle the Naga Reaver began the quest for the Orb.
     0 | D:1      | Reached XP level 1. HP: 19/19 MP: 3/3
   238 | D:1      | Reached XP level 2. HP: 21/26 MP: 5/5
   475 | D:1      | Reached skill level 1 in Armour
   475 | D:1      | Reached XP level 3. HP: 32/33 MP: 6/6
   562 | D:1      | Found a faded altar of an unknown god.
   606 | D:2      | Noticed Sigmund
   612 | D:2      | Killed Sigmund
   613 | D:2      | Reached skill level 4 in Maces & Flails
   613 | D:2      | Reached XP level 4. HP: 35/42 MP: 5/7
   613 | D:2      | Reached XP level 5. HP: 41/49 MP: 5/8
   756 | D:2      | Found the +4 dagger "Morg" {pain, Will+ Int+5}
  1434 | D:3      | Noticed Grinder
  1471 | D:3      | Killed Grinder
  1472 | D:3      | Reached skill level 1 in Necromancy
  1472 | D:3      | Reached XP level 6. HP: 9/57 MP: 9/9
  2078 | D:3      | Found a shimmering blue altar of Sif Muna.
  2494 | D:3      | Reached XP level 7. HP: 43/66 MP: 10/10
  2498 | D:3      | Learned a level 3 spell: Hailstorm
  2584 | D:3      | Reached skill level 5 in Maces & Flails
  2801 | D:4      | Noticed Edmund
  2870 | D:4      | Killed Edmund
  3227 | D:4      | Noticed Dowan
  3228 | D:4      | Noticed Duvessa
  3245 | D:4      | Killed Duvessa
  3258 | D:4      | Killed from afar by Dowan

Illustrated notes

Levels and vault maps discovered:
D:1:      dpeg_arrival_tiny_a, layout_rooms, dreamdust_ecumenical_altar_grove
D:2:      layout_basic, uniq_sigmund
D:3:      layout_loops_corners, led_sif_pool, uniq_grinder
D:4:      layout_gridville, overflow_temple_1_default,
          mainiacjoe_overflow_concentric_impassable, minmay_misc_feat_tiny,
          dreamdust_mushroom_princess, uniq_duvessa, uniq_edmund

Skill      XL: |  1  2  3  4  5  6  7 |
---------------+----------------------+-----
Armour         | 1 2 3 |  3.6
Fighting       | 3 4 |  4.9
Maces & Flails | 4 5 |  5.4
Necromancy     | 1 2 3 |  3.0
Dodging        | |  1.5
Spellcasting   | |  2.0
Conjurations   | |  3.0

Action                   |  1- 3 |  4- 6 |  7- 9 || total
-------------------------+-------+-------+-------++-------
Melee: Mace              |    58 |       |       ||    58
       Flail             |       |    41 |    47 ||    88
       Dagger            |       |    51 |    39 ||    90
 Cast: Kiss of Death     |     1 |       |     2 ||     3
       Hailstorm         |       |       |     1 ||     1
 Abil: Spit Poison       |    10 |     6 |     7 ||    23
  Use: Scroll            |       |     4 |     1 ||     5
       Potion            |       |     2 |     3 ||     5
Armor: Leather armour    |    14 |       |       ||    14
       Robe              |       |    45 |    24 ||    69
Dodge: Dodged            |    49 |    50 |    38 ||   137
Block: Buckler           |    16 |    12 |     9 ||    37

Table legend: (Time is in decaauts)
 A = Elapsed time spent in this place.
 B = Non-inter-level travel time spent in this place.
 C = Inter-level travel time spent in this place.
 D = Time resting spent in this place.
 E = Time spent auto-exploring this place.
 F = Levels seen in this place.
 G = Mean time per level.
                   A        B        C        D        E       F      G
               +--------+--------+--------+--------+--------+-----+--------+
         Total |   4084 |   3944 |    140 |    758 |   2291 |   4 | 1021.0 |
       Dungeon |   4084 |   3944 |    140 |    758 |   2291 |   4 | 1021.0 |
               +--------+--------+--------+--------+--------+-----+--------+

Top non-repeatable levels by time:
     D:3: 1565 daAuts
     D:2: 1062 daAuts
     D:1: 765 daAuts
     D:4: 691 daAuts
